Description

Fast roach skipping early lings for possible all in or stronger defense for econ expand

Replay - Daybreak LE (Void) (8)

Build Order

Get SALT Encoding   

  12  0:01  Drone  
  13  0:13  Overlord  
  13  0:23  Drone x5  
  18  0:58  Hatchery  
  18  1:01  Drone x2  
  19  1:19  Spawning Pool  
  19  1:22  Drone, Extractor x2  
  18  1:28  Drone x3  
  20  2:05  Overlord  
  20  2:07  Queen x2  
  22  2:11  Drone x5  
  26  2:34  Roach Warren  
  28  2:40  Drone x5  
  33  3:03  Overlord  
  33  3:22  Roach x5  
  43  3:30  Lair  
  43  3:36  Overlord x2  
  43  3:37  Drone  
  44  3:54  Evolution Chamber x2  
  44  3:55  Roach x2  
  46  3:58  Ravager x3  
  49  4:05  Spore Crawler x2  
  47  4:10  Roach  
  49  4:36  Roach x5  
  59  4:38  Overlord x2  
  59  4:45  Glial Reconstitution  
  59  4:51  Drone  
  60  4:53  Overlord  
  60  5:09  Drone x3  
  60  5:10  Extractor x2  
  61  5:20  Roach x3  
  60  5:58  Drone x5  
Spawning Tool Build Advisor. Get it on Overwolf

Go to:

Details

  • Created by: crisperrgk
  • Published on: Mar 05, 2017
  • Modified on: Mar 05, 2017
  • Patch: 3.8.0
Show
View Real Time Build Order
Export as new Build Order

Comments (0)

There are no comments. Be the first!

Create an account to comment!